 Dungeon Crawl Stone Soup version 0.22-a0-422-g9628fc8 (webtiles) character file.

9566 GameOver the Covert (level 11, -4/92 HPs)
             Began as a Naga Wizard on May 13, 2018.
             Was a Believer of Kikubaaqudgha.
             Killed from afar by a gargoyle (13 damage)
             ... with a stone arrow
             ... on level 11 of the Dungeon on May 22, 2018.
             The game lasted 01:34:56 (9155 turns).

GameOver the Covert (Naga Wizard)                   Turns: 9155, Time: 01:34:58

Health: -4/92      AC: 11    Str: 11    XL:     11   Next: 48%
Magic:  10/15      EV:  9    Int: 30    God:    Kikubaaqudgha [**....]
Gold:   635        SH:  0    Dex: 10    Spells: 4/16 levels left

rFire    . . .     SeeInvis +   q - +1 shortbow (velocity)
rCold    . . .     Gourm    .   (shield currently unavailable)
rNeg     . . .     Faith    .   i - +3 ring mail
rPois    +         Spirit   .   b - +0 hat
rElec    .         Reflect  .   (no cloak)
rCorr    .         Harm     .   e - +0 pair of gloves
MR       +....                  (no barding)
Stlth    +++.......             (no amulet)
HPRegen  1.25/turn              L - ring "Haplomod" {rPois Str+2 Int+4 Slay+2}
MPRegen  0.14/turn              r - +4 ring of intelligence

@: regenerating (expiring), very slow
A: large, see invisible, deformed body, poison resistance, slowness 2, slow
metabolism 1, spit poison 1, AC +3
a: Spit Poison, Receive Corpses, Renounce Religion


You were on level 11 of the Dungeon.
You worshipped Kikubaaqudgha.
Kikubaaqudgha was pleased with you.
You were not hungry.

You visited 2 branches of the dungeon, and saw 12 of its levels.

You collected 635 gold pieces.

Inventory:

Hand Weapons
 m - a +1 trident of venom
 q - a +1 shortbow of velocity (weapon)
 s - a +1 dagger of venom
 w - a +2 flail of freezing
 x - a +2 flail of holy wrath
 F - the +3 shortbow of the Past {flame, rC+++ Str-5 Int+5 Dex-2}
   (You found it on level 9 of the Dungeon)

   It causes projectiles fired from it to burn those they strike, causing extra
   injury to most foes and up to half again as much damage against particularly
   susceptible opponents.
   It affects your strength (-5).
   It affects your intelligence (+5).
   It affects your dexterity (-2).
   It renders you almost immune to cold.
 J - a +2 falchion of holy wrath
Missiles
 c - 67 sling bullets
 h - 42 bolts
 o - 6 javelins
 y - 123 arrows (quivered)
Armour
 b - a +0 hat (worn)
 e - a +0 pair of gloves (worn)
 i - a +3 ring mail (worn)
Magical Staves
 I - an uncursed staff of poison
 K - an uncursed staff of power
Jewellery
 n - an uncursed ring of ice
 r - a +4 ring of intelligence (right hand)
 L - the ring "Haplomod" (left hand) {rPois Str+2 Int+4 Slay+2}
   (You found it on level 9 of the Dungeon)

   [ring of poison resistance]

   It affects your strength (+2).
   It affects your intelligence (+4).
   It affects your accuracy and damage with ranged weapons and melee attacks
   (+2).
   It protects you from poison.
Scrolls
 a - a scroll of identify
 f - 2 scrolls of blinking
 g - a scroll of amnesia
 j - a scroll of magic mapping
 k - 4 scrolls of teleportation
 l - 5 scrolls of enchant weapon
 p - 2 scrolls of fear
 B - 2 scrolls of fog
 E - 2 scrolls of remove curse
 G - a scroll of enchant armour {unknown}
Potions
 t - a potion of mutation
 u - a potion of resistance
 z - 6 potions of curing
 C - 3 potions of haste
 H - 2 potions of ambrosia
Miscellaneous
 N - a crystal ball of energy
Comestibles
 d - 14 rations


   Skills:
 - Level 4.1 Fighting
 - Level 4.0 Short Blades
 - Level 4.1 Maces & Flails
 + Level 2.5 Bows
 - Level 5.0 Armour
 + Level 4.4 Dodging
 - Level 8.3 Stealth
 - Level 3.0 Spellcasting
 - Level 6.0 Conjurations
 + Level 3.7 Charms
   Level 1.0 Summonings
 + Level 3.7 Necromancy
 - Level 5.0 Translocations
 - Level 6.0 Air Magic
 - Level 6.7 Poison Magic


You had 4 spell levels left.
You knew the following spells:

 Your Spells              Type           Power        Failure   Level  Hunger
a - Magic Dart            Conj           ####         1%          1    None
b - Blink                 Tloc           N/A          3%          2    #......
c - Teleport Other        Tloc           ####....     6%          3    ##.....
s - Mephitic Cloud        Conj/Pois/Air  #####...     3%          3    ##.....
x - Regeneration          Chrm/Necr      ####......   10%         3    ##.....

Your spell library contained the following spells:

 Spells                   Type           Power        Failure   Level  Hunger
 Fireball                 Conj/Fire      ###.......   77%         5    ######.
 Conjure Flame            Conj/Fire      ###.....     14%         3    ##.....
 Slow                     Hex            #.......     24%         2    #......
 Throw Flame              Conj/Fire      ###...       7%          2    #......
 Pain                     Necr           ####         3%          1    None
 Sticky Flame             Conj/Fire      ###.....     41%         4    ####...
 Call Imp                 Summ           ##......     16%         2    #......
 Sublimation of Blood     Necr           ####......   4%          2    #......
 Corpse Rot               Necr           N/A          4%          2    #......
 Flame Tongue             Conj/Fire      ###..        4%          1    None
 Malign Gateway           Summ/Tloc      ###.......   100%        7    #######
 Inner Flame              Hex/Fire       #.......     43%         3    ##.....
 Disjunction              Tloc           ####......   100%        8    #######


Dungeon Overview and Level Annotations

Branches:
Dungeon (11/15)            Temple (1/1) D:7
   Lair: D:8-11         Orc: D:9-12

Altars:
Ashenzari
Cheibriados
Dithmenos
Elyvilon
Gozag
Hepliaklqana
Kikubaaqudgha
Makhleb
Nemelex Xobeh
Okawaru
Ru
Sif Muna
Trog
Vehumet
Wu Jian
Xom
Yredelemnul
Zin

Shops:
D:7 [   D:10 (

Annotations:
D:3 Nib's ghost, amateur MiCK
D:11 Josephine; Urug


Innate Abilities, Weirdness & Mutations

You cannot wear boots.
Your serpentine skin is tough. (AC +3)
You have supernaturally acute eyesight. (SInv)
Armour fits poorly on your strangely shaped body.
Your system is resistant to poisons. (rPois)
You cover ground very slowly.
You have a slow metabolism.
You can spit poison.


Message History

The arrow completely misses the gargoyle.
Firing (i - inventory. (/) - cycle)
y - 125 arrows (quivered)
Press: ? - help, Shift-Dir - straight line, f/p - gargoyle
Aim: a gargoyle, wielding a mace of protection (heavily damaged)
You shoot an arrow. The arrow hits the gargoyle!
The gargoyle is almost destroyed.
Your skin is crawling a little less now.
Evoke which item? (* to show all) (? for menu, Esc to quit)
Okay, then.
Firing (i - inventory. (/) - cycle)
y - 124 arrows (quivered)
Press: ? - help, Shift-Dir - straight line, f/p - gargoyle
Aim: a gargoyle, wielding a mace of protection (almost destroyed)
You shoot an arrow. The arrow barely misses the gargoyle.
Casting: Blink (safe; 3% risk of failure)
Confirm with . or Enter, or press ? or * to list all spells.
You blink.
The gargoyle hurls a stone arrow at you.
The stone arrow hits you!
You die...
Kikubaaqudgha rasps: "You have failed me!
Welcome... death!"

#### ##.### *#....
#.# **#..... ##.##
***,......
##...#***,,,......
##9ยง#.,,,,,,,......
##((####,,,,,,,...((
*** ###(...#
***,,,....... *,**
##.(....#
***,,.......
**,*###.....@.#
#...........
*,*#.(.......#
#...........
#....##......#
#...........
#...**##.....##
#........... #.#**
#......# #..........(
#,*
##.....###...........
*,*
#.....##............
***
##....##............
#....##............


You could see a gargoyle.

Vanquished Creatures
  A two-headed ogre (D:10)
  2 unseen horrors
  Pikel (D:6)
  A cyclops (D:10)
  2 hornets
  2 hippogriffs
  Prince Ribbit (D:6)
  A spriggan (D:9)
  A centaur simulacrum (D:9)
  5 yaks (D:11)
  3 wyverns
  A hungry ghost (D:9)
  3 orc warriors
  2 ice beasts (D:7)
  A hornet zombie (D:11)
  A black bear (D:7)
  3 phantoms
  7 ogres
  3 centaurs
  A big kobold (D:9)
  3 bullfrogs
  5 scorpions
  5 killer bees (D:11)
  5 wights (D:8)
  4 howler monkeys
  2 bullfrog zombies
  A crimson imp (D:6)
  3 centaur zombies
  2 jellies
  8 orc priests
  9 hounds
  11 orc wizards
  2 bullfrog skeletons
  3 centaur skeletons
  3 iguanas
  7 worker ants
  A hound zombie (D:6)
  3 hound skeletons
  A howler monkey zombie (D:11)
  2 worker ant zombies
  4 gnolls (D:10)
  A howler monkey skeleton (D:4)
  7 adders
  3 shadow imps
  2 oozes
  An adder zombie (D:8)
  An adder skeleton (D:6)
  2 worms (D:4)
  4 dart slugs
  3 leopard geckos
  33 orcs
  5 giant cockroaches
  9 goblins
  7 hobgoblins
  A jackal (D:9)
  5 quokkas
  A ball python (D:5)
  8 bats
  4 frilled lizards
  6 kobolds
  A leopard gecko skeleton (D:8)
  A quokka skeleton (D:7)
  2 quokka zombies
  4 rats
  A spectral orc (D:3)
238 creatures vanquished.

Vanquished Creatures (others)
  A slave (D:6)
  A hound (D:11)
  An orc wizard (D:10)
3 creatures vanquished.

Grand Total: 241 creatures vanquished

Notes
Turn   | Place    | Note
-------+----------+-------------------------------------------
     0 | D:1      | GameOver the Naga Wizard began the quest for the Orb.
     0 | D:1      | Reached XP level 1. HP: 15/15 MP: 4/4
    52 | D:1      | Reached XP level 2. HP: 22/22 MP: 4/6
   362 | D:1      | Reached XP level 3. HP: 28/28 MP: 5/7
   366 | D:1      | Learned a level 2 spell: Blink
   370 | D:1      | Learned a level 3 spell: Mephitic Cloud
   405 | D:1      | Reached skill level 4 in Stealth
  1156 | D:2      | Reached XP level 4. HP: 36/36 MP: 5/8
  1418 | D:3      | Noticed Nib's ghost (amateur MiCK)
  1482 | D:3      | Reached skill level 1 in Poison Magic
  1592 | D:3      | Found a basalt altar of Yredelemnul.
  1670 | D:4      | Reached skill level 5 in Stealth
  1670 | D:4      | Reached XP level 5. HP: 38/42 MP: 3/9
  1769 | D:4      | Reached XP level 6. HP: 10/49 MP: 1/10
  1838 | D:4      | Identified the Almanac of the Voyage
  1844 | D:4      | Learned a level 3 spell: Teleport Other
  2351 | D:5      | Entered Level 5 of the Dungeon
  2381 | D:5      | Reached skill level 5 in Conjurations
  2570 | D:5      | Found a burning altar of Makhleb.
  2610 | D:5      | Reached XP level 7. HP: 51/55 MP: 5/11
  2789 | D:5      | Found a sacrificial altar of Ru.
  2912 | D:5      | Reached skill level 1 in Fighting
  3156 | D:5      | Found a deep blue altar of Sif Muna.
  3312 | D:6      | Noticed Prince Ribbit
  3382 | D:6      | Killed Prince Ribbit
  3382 | D:6      | Reached skill level 5 in Poison Magic
  3382 | D:6      | Reached XP level 8. HP: 28/68 MP: 10/12
  3556 | D:6      | Noticed Pikel
  3583 | D:6      | Killed Pikel
  3625 | D:6      | Reached skill level 1 in Air Magic
  3745 | D:6      | Reached XP level 9. HP: 34/78 MP: 13/13
  3792 | D:6      | Upgraded the game from 0.22-a0-414-gacd343e to 0.22-a0-422-g9628fc8
  3875 | D:6      | Reached skill level 1 in Maces & Flails
  4129 | D:6      | Found a shimmering altar of Xom.
  4129 | D:6      | Found a burning altar of Makhleb.
  4462 | D:7      | Found Estiym's Armour Shoppe.
  4588 | D:7      | Found a shattered altar of Ashenzari.
  5005 | D:7      | Found a staircase to the Ecumenical Temple.
  5014 | Temple   | Entered the Ecumenical Temple
  5026 | Temple   | Became a worshipper of Kikubaaqudgha
  5157 | D:7      | Reached skill level 6 in Stealth
  5207 | D:7      | Reached skill level 5 in Translocations
  5481 | D:8      | Reached skill level 5 in Air Magic
  5510 | D:8      | You fall through a shaft for 3 floors!
  5527 | D:11     | Noticed a hornet
  5550 | D:11     | Killed a hornet
  5550 | D:11     | Reached skill level 1 in Short Blades
  5550 | D:11     | Reached skill level 7 in Stealth
  5599 | D:11     | Noticed Urug
  5614 | D:11     | Reached XP level 10. HP: 34/85 MP: 3/14
  5620 | D:11     | Noticed Josephine
  5622 | D:11     | Noticed a gargoyle
  5971 | D:10     | Entered Level 10 of the Dungeon
  6005 | D:10     | Reached skill level 8 in Stealth
  6032 | D:9      | Found a shadowy altar of Dithmenos.
  6268 | D:9      | Reached * piety under Kikubaaqudgha
  6268 | D:9      | Identified Kikubaaqudgha's Almanac of Darkness (Kikubaaqudgha gifted it to you on level 9 of the Dungeon)
  6268 | D:9      | Received a gift from Kikubaaqudgha
  6276 | D:9      | Reached skill level 1 in Armour
  6401 | D:9      | Noticed an unseen horror
  6431 | D:9      | Killed an unseen horror
  6436 | D:9      | Noticed a five-headed hydra
  6510 | D:9      | Learned a level 3 spell: Regeneration
  6623 | D:8      | Reached skill level 1 in Charms
  6634 | D:8      | Reached skill level 1 in Necromancy
  7255 | D:9      | Got a transparent shortbow
  7261 | D:9      | Got a slimy ivory ring
  7347 | D:10     | Reached ** piety under Kikubaaqudgha
  7348 | D:10     | Noticed a gargoyle
  7356 | D:9      | Noticed a tengu warrior
  7431 | D:10     | Identified the ring "Haplomod" {rPois Str+2 Int+4 Slay+2} (You found it on level 9 of the Dungeon)
  7437 | D:10     | Identified the cursed +3 shortbow of the Past {flame, rC+++ Str-5 Int+5 Dex-2} (You found it on level 9 of the Dungeon)
  7547 | D:10     | Reached XP level 11. HP: 76/92 MP: 15/15
  7628 | D:10     | Found a glowing silver altar of Zin.
  7636 | D:10     | Noticed a two-headed ogre
  7658 | D:10     | Killed a two-headed ogre
  7658 | D:10     | Reached skill level 1 in Bows
  7995 | D:10     | Noticed an unseen horror
  8010 | D:10     | Killed an unseen horror
  8010 | D:10     | Reached skill level 5 in Armour
  8097 | D:10     | Noticed a cyclops
  8109 | D:10     | Killed a cyclops
  8341 | D:10     | Found Sufuw's Antique Weapon Shop.
  8684 | D:11     | Noticed a five-headed hydra
  9149 | D:11     | HP: 1/92 [gargoyle/mace of protection (16)]
  9155 | D:11     | Killed from afar by a gargoyle

Vault maps used:
D:1:      saegor_arrival_simple_d
D:2:      serial_forest, infiniplex_forest_join, infiniplex_forest_zigzag_2,
          infiniplex_forest_clump_diagonal, infiniplex_forest_lined_room_2,
          infiniplex_forest_straight_2, infiniplex_forest_straight_5,
          infiniplex_forest_corner_1
D:3:      yredelemnul_forgotten_temple_becter, first_ration
D:4:      minmay_misc_feat_chi, minmay_checkerbox
D:5:      lemuel_doored_altar, led_sif_pool, basic_altar,
          kennysheep_minor_cross, serial_park_tiny_2
D:6:      grunt_temple_overflow_champion_of_chaos, uniq_pikel,
          uniq_prince_ribbit1
D:7:      minmay_temple_entry_poolview, serial_shops, nicolae_shop_stone,
          basic_altar, grunt_potential
D:9:      minmay_the_grid_octo_triangle, nicolae_dithmenos_the_darkroom,
          nicolae_tso_swordbearing_angel, lemuel_coloured_pillars_altar,
          david_lair_shrubbed, the_bakery
D:10:     serial_shops, kennysheep_mini_moat, basic_altar
D:11:     uniq_josephine, uniq_urug
Temple:   nicolae_temple_great_sept

Skill      XL: |  1  2  3  4  5  6  7  8  9 10 11 |
---------------+----------------------------------+-----
Conjurations   | 2 3 4 5 6 |  6.0
Stealth        | 4 5 7 8 |  8.3
Poison Magic   | 1 2 3 5 6 |  6.7
Translocations | 2 3 4 5 |  5.0
Fighting       | 2 4 |  4.1
Air Magic      | 2 5 6 |  6.0
Maces & Flails | 4 |  4.1
Short Blades   | 2 4 |  4.0
Dodging        | 3 4 |  4.4
Armour         | 4 5 |  5.0
Charms         | 2 3 |  3.7
Necromancy     | 2 3 |  3.7
Bows           | 2 |  2.5
Spellcasting   | |  3.0
Summonings     | |  1.0

Action                   |  1- 3 |  4- 6 |  7- 9 | 10-12 || total
-------------------------+-------+-------+-------+-------++-------
Melee: Short sword       |     3 |       |       |       ||     3
       Dagger            |     2 |    14 |    40 |    34 ||    90
       Trident           |       |     6 |    25 |    13 ||    44
       Whip              |       |       |    70 |    92 ||   162
       Flail             |       |       |     7 |   134 ||   141
 Fire: Shortbow          |       |       |    10 |   110 ||   120
Throw: Javelin           |       |     2 |       |     2 ||     4
 Cast: Magic Dart        |    36 |    73 |   129 |    51 ||   289
       Mephitic Cloud    |       |     3 |    17 |    17 ||    37
       Blink             |       |       |     2 |    13 ||    15
       Teleport Other    |       |       |       |     2 ||     2
       Regeneration      |       |       |       |     9 ||     9
 Abil: Spit Poison       |    35 |    19 |    64 |    56 ||   174
  Use: Scroll            |       |     1 |    12 |     9 ||    22
       Potion            |       |       |     7 |     2 ||     9
 Stab: Sleeping          |       |     1 |     1 |     6 ||     8
       Confused          |       |     1 |     6 |     8 ||    15
       Invisible         |       |       |       |     1 ||     1
  Eat: Chunk             |     2 |     6 |    13 |    12 ||    33
       Ration            |       |       |       |     1 ||     1
Armor: Robe              |     4 |     5 |    23 |     8 ||    40
       Skin              |       |       |    12 |       ||    12
       Ring mail         |       |       |       |    95 ||    95
Dodge: Dodged            |    12 |    22 |    50 |   121 ||   205

Table legend:
 A = Spawn XP
 B = Non-spawn XP
 C = Spawn XP percentage of total XP
 D = Spawn monster count
 E = Non-spawn monster count
 F = Spawn count percentage of total count
 G = Total turns spent on level
                    A         B        C        D         E        F      G
               +---------+---------+-------+---------+---------+-------+---------
         Total |       0 |   13667 |   0.0 |       0 |     239 |   0.0 |  9155
               +---------+---------+-------+---------+---------+-------+---------
           D:1 |       0 |      47 |   0.0 |       0 |      21 |   0.0 |   643
           D:2 |       0 |      49 |   0.0 |       0 |      22 |   0.0 |   684
           D:3 |       0 |      55 |   0.0 |       0 |       7 |   0.0 |   297
           D:4 |       0 |     268 |   0.0 |       0 |      16 |   0.0 |   727
           D:5 |       0 |     586 |   0.0 |       0 |      18 |   0.0 |   925
           D:6 |       0 |    1618 |   0.0 |       0 |      26 |   0.0 |   991
           D:7 |       0 |    1231 |   0.0 |       0 |      30 |   0.0 |  1137
           D:8 |       0 |    1274 |   0.0 |       0 |      22 |   0.0 |   665
           D:9 |       0 |    2289 |   0.0 |       0 |      22 |   0.0 |   690
          D:10 |       0 |    4264 |   0.0 |       0 |      37 |   0.0 |  1359
          D:11 |       0 |    1986 |   0.0 |       0 |      18 |   0.0 |   970
               +---------+---------+-------+---------+---------+-------+---------
